 Dungeon Crawl Stone Soup version 0.17-a0-2122-g03d97ec (webtiles) character file.

1767 tp1 the Infuser (level 8, -1/40 (41) HPs)
             Began as a Deep Elf Conjurer on Oct 21, 2015.
             Was a Follower of Vehumet.
             Slain by Joseph
             ... wielding a +3 quarterstaff of crushing
              (17 damage)
             ... on level 7 of the Dungeon.
             The game lasted 00:36:07 (6849 turns).

tp1 the Infuser (Deep Elf Conjurer)                 Turns: 6849, Time: 00:36:07

HP:   -1/40 (41)    AC:  3    Str:  5    XL:     8   Next: 80%
MP:   22/29         EV: 13    Int: 23    God:    Vehumet [*.....]
Gold: 114           SH:  0    Dex: 15    Spells: 5 memorised, 5 levels left

rFire  . . .     SeeInvis .     l - staff of poison
rCold  + . .     Clarity  .     H - +0 robe (curse)
rNeg   . . .     SustAt   .     (no shield)
rPois  +         Gourm    .     s - +0 helmet
rElec  .         Spirit   .     (no cloak)
rCorr  .         Warding  .     (no gloves)
rMut   .         Stasis   .     (no boots)
MR     .....                    (no amulet)
Stlth  ++........               v - ring of protection from cold
                                h - ring of magical power

@: not resistant to hostile enchantments, unstealthy
A: no striking features
a: Renounce Religion


You were on level 7 of the Dungeon.
You worshipped Vehumet.
Vehumet was aware of your devotion.
You were hungry.

You visited 2 branches of the dungeon, and saw 8 of its levels.

You collected 366 gold pieces.
You spent 252 gold pieces at shops.

Inventory:

Hand Weapons
 f - a +4 dagger
 g - a +1 short sword
 k - a +0 dagger of venom
Armour
 a - a +1 robe
 s - a +0 helmet (worn)
 H - a cursed +0 robe (worn)
Magical Staves
 l - an uncursed staff of poison (weapon)
Jewellery
 h - a ring of magical power (left hand)
 v - a ring of protection from cold (right hand)
Wands
 o - a wand of polymorph (14)
 q - a wand of teleportation (4)
 D - a wand of confusion (22)
 G - a wand of random effects (12)
 I - a wand of frost (20)
 J - a wand of magic darts (33)
Scrolls
 d - 6 scrolls of remove curse
 e - 2 scrolls of enchant weapon
 i - a scroll of recharging
 j - a scroll of amnesia
 t - 3 scrolls of teleportation
 A - a scroll of magic mapping
 E - a scroll of immolation
Potions
 w - 2 potions of might {unknown}
 B - a potion of flight {unknown}
 C - a potion of agility {unknown}
 F - a potion of curing {unknown}
 K - a potion of haste {unknown}
Books
 b - a book of Conjurations

   Spells                             Type                      Level
   a - Magic Dart                     Conjuration                  1
   b - Searing Ray                    Conjuration                  2
   c - Dazzling Spray                 Conjuration/Hexes            3
   d - Fulminant Prism                Conjuration/Hexes            4
   e - Iskenderun's Mystic Blast      Conjuration                  4
   f - Iskenderun's Battlesphere      Conjuration/Charms           5
 n - a book of the Sky

   Spells                             Type                      Level
   a - Summon Lightning Spire         Summoning/Air                4
   b - Airstrike                      Air                          4
   c - Silence                        Hexes/Air                    5
   d - Deflect Missiles               Charms/Air                   6
   e - Conjure Ball Lightning         Conjuration/Air              6
   f - Tornado                        Air                          9
 z - a book of Flames

   Spells                             Type                      Level
   a - Flame Tongue                   Conjuration/Fire             1
   b - Throw Flame                    Conjuration/Fire             2
   c - Conjure Flame                  Conjuration/Fire             3
   d - Inner Flame                    Hexes/Fire                   3
   e - Sticky Flame                   Conjuration/Fire             4
   f - Fireball                       Conjuration/Fire             5
Comestibles
 c - 3 bread rations
 m - 3 fruits
 p - a slice of pizza
 u - 4 beef jerkies
 x - 2 meat rations


   Skills:
 - Level 3.2 Armour
 - Level 3.0 Dodging
 - Level 2.4 Stealth
 + Level 7.2 Spellcasting
 - Level 6.1 Conjurations
 - Level 9.3 Charms
 - Level 5.0 Fire Magic


You had 5 spell levels left.
You knew the following spells:

 Your Spells              Type           Power        Failure   Level  Hunger
a - Magic Dart            Conj           ####         1%          1    None
b - Searing Ray           Conj           #####.       1%          2    None
c - Dazzling Spray        Conj/Hex       ###.....     10%         3    None
d - Iskenderun's Battles  Conj/Chrm      #####...     10%         5    #####..
e - Fireball              Conj/Fire      ####......   24%         5    #####..


Dungeon Overview and Level Annotations

Branches:
Dungeon (7/15)             Temple (1/1) D:5

Altars:
Cheibriados
Dithmenos
Fedhas
Gozag
Kikubaaqudgha
Makhleb
Qazlal
Ru
Sif Muna
Vehumet
Yredelemnul
Zin
The Shining One

Shops:
D:4 *

Annotations:
D:7 Joseph


Message History

Press: ? - help, Shift-Dir - straight line, f/p - Joseph
Aim: Joseph, wielding a hunting sling of evasion and wearing a ring mail (moderately wounded)
The magic dart hits Joseph.
Joseph is moderately wounded.
Your battlesphere fires!
The barrage of energy hits Joseph.
Joseph is moderately wounded.
Joseph unwields an uncursed hunting sling of evasion.
Joseph wields an uncursed quarterstaff of crushing.
Joseph hits you with an uncursed quarterstaff of crushing!
Casting: Magic Dart
Confirm with . or Enter, or press ? or * to list all spells.
Aiming: Magic Dart
Press: ? - help, Shift-Dir - straight line, f/p - Joseph
Aim: Joseph, wielding a quarterstaff of crushing and wearing a ring mail (moderately wounded)
Okay, then.
Drink which item? (? for menu, Esc to quit)
It was a potion of cancellation.
You feel magically purged.
Joseph hits you with an uncursed quarterstaff of crushing!
You die...

#### ...# ...# ...# ####
..######
#.#....###################
..............*.........>#
....##.###......@@..#
..####...#.########.# ..#
#..##.# .# ..# #.....# @.
..# #+##### ### .## .


You could see Joseph.

Vanquished Creatures
  A water moccasin (D:5)
  An orc warrior (D:7)
  A phantom (D:4)
  A necrophage (D:5)
  3 ice beasts (D:5)
  An ogre (D:5)
  2 black bears
  2 giant frogs (D:7)
  3 scorpions
  A crimson imp (D:5)
  2 hounds
  An orc priest (D:7)
  2 iguanas
  4 orc wizards
  Terence (D:2)
  2 worker ants
  A hound zombie (D:5)
  A worker ant zombie (D:5)
  9 adders
  2 adder skeletons
  6 giant geckos
  10 orcs
  6 bats
  6 giant cockroaches
  8 goblins
  8 hobgoblins
  5 kobolds
  A giant gecko skeleton (D:7)
  4 giant newts
  A jackal skeleton (D:5)
  8 rats
104 creatures vanquished.

Notes
Turn   | Place    | Note
--------------------------------------------------------------
     0 | D:1      | tp1 the Deep Elf Conjurer began the quest for the Orb.
     0 | D:1      | Reached XP level 1. HP: 10/10 MP: 6/6
     2 | D:1      | Noticed a human
     2 | D:1      | Noticed a vine stalker
     5 | D:1      | Noticed an octopode
     5 | D:1      | Noticed a centaur
     7 | D:1      | Noticed a naga
     9 | D:1      | Noticed a troll
     9 | D:1      | Noticed a draconian
    11 | D:1      | Noticed a spriggan
    11 | D:1      | Noticed a formicid
    13 | D:1      | Noticed a dwarf
    15 | D:1      | Noticed a merfolk
    15 | D:1      | Noticed a demigod
    19 | D:1      | Noticed a ghoul
    19 | D:1      | Noticed a gargoyle
    22 | D:1      | Noticed a felid
    22 | D:1      | Noticed a vampire
    24 | D:1      | Noticed a demonspawn
    24 | D:1      | Noticed a minotaur
    26 | D:1      | Noticed a tengu
    28 | D:1      | Noticed an elf
    28 | D:1      | Noticed an ogre
   160 | D:1      | Reached XP level 2. HP: 15/15 MP: 2/8
  1324 | D:2      | Noticed Terence
  1587 | D:2      | Killed Terence
  1587 | D:2      | Reached skill level 5 in Spellcasting
  1587 | D:2      | Reached XP level 3. HP: 13/19 MP: 1/11
  1811 | D:2      | Reached XP level 4. HP: 24/24 MP: 13/13
  1906 | D:2      | Found a sacrificial altar of Ru.
  1923 | D:2      | Reached skill level 6 in Spellcasting
  2162 | D:2      | Found a sacrificial altar of Ru.
  2684 | D:3      | Reached XP level 5. HP: 28/28 MP: 16/16
  2688 | D:3      | Learned a level 2 spell: Searing Ray
  2692 | D:3      | Learned a level 3 spell: Dazzling Spray
  2698 | D:3      | Learned a level 5 spell: Iskenderun's Battlesphere
  2832 | D:3      | Found a blossoming altar of Fedhas.
  2960 | D:3      | Found a blossoming altar of Fedhas.
  3371 | D:4      | Reached skill level 7 in Spellcasting
  3436 | D:4      | Found a burning altar of Makhleb.
  3436 | D:4      | Found a glowing silver altar of Zin.
  3436 | D:4      | Found a deep blue altar of Sif Muna.
  3448 | D:4      | Noticed a phantom
  3506 | D:4      | HP: 1/28 [something (2)]
  3516 | D:4      | Reached XP level 6. HP: 32/32 MP: 1/18
  3633 | D:4      | Reached skill level 5 in Charms
  3710 | D:4      | Found Buroattu's Assorted Antiques.
  3718 | D:4      | Bought a knobbly smoking staff for 252 gold pieces
  4049 | D:4      | Noticed a black bear
  4055 | D:4      | Killed a black bear
  4238 | D:4      | Killed a phantom
  4238 | D:4      | Reached XP level 7. HP: 31/36 MP: 18/19
  4252 | D:4      | Found Buroattu's Assorted Antiques.
  4297 | D:4      | Found a glowing silver altar of Zin.
  4299 | D:4      | Found a deep blue altar of Sif Muna.
  4299 | D:4      | Found a burning altar of Makhleb.
  4987 | D:5      | Entered Level 5 of the Dungeon
  5027 | D:5      | Reached skill level 8 in Charms
  5031 | D:5      | Found a staircase to the Ecumenical Temple.
  5045 | Temple   | Entered the Ecumenical Temple
  5053 | Temple   | Became a worshipper of Vehumet
  5078 | D:5      | Reached skill level 9 in Charms
  5101 | D:5      | Reached skill level 5 in Conjurations
  5277 | D:5      | Learned a level 5 spell: Fireball
  5302 | D:5      | Reached XP level 8. HP: 41/41 MP: 20/20
  5623 | D:5      | Found a staircase to the Ecumenical Temple.
  6493 | D:7      | Reached skill level 5 in Fire Magic
  6535 | D:7      | Reached * piety under Vehumet
  6535 | D:7      | Offered knowledge of Freeze by Vehumet.
  6535 | D:7      | Reached skill level 1 in Armour
  6638 | D:7      | Found a glowing golden altar of the Shining One.
  6838 | D:7      | Noticed Joseph
  6849 | D:7      | Slain by Joseph

Vault maps used:
D:1:      kb_arrival_jail
D:2:      first_bread, nicolae_ru_great_annihilating_truth, uniq_terence
D:3:      lemuel_crystal_altar
D:4:      gammafunk_temple_overflow_forgotten, serial_shops,
          nicolae_shop_overgrown_old_shop
D:5:      minmay_temple_entry_statues_fountains
D:6:      minmay_holes
D:7:      old_standard_altar, grunt_ogre_cave, uniq_joseph
Temple:   circular_temple_12

Action                   |  1- 3 |  4- 6 |  7- 9 || total
-------------------------+-------+-------+-------++-------
Melee: Unarmed           |     1 |       |       ||     1
       Short sword       |     6 |       |       ||     6
       Dagger            |       |    26 |       ||    26
       Staff             |       |     1 |       ||     1
 Cast: Magic Dart        |    78 |    86 |    79 ||   243
       Searing Ray       |       |     8 |       ||     8
       Dazzling Spray    |       |     2 |       ||     2
       Iskenderun's Batt |       |     2 |    16 ||    18
       Fireball          |       |       |     2 ||     2
  Use: Scroll            |     5 |       |     4 ||     9
       Potion            |       |     3 |     1 ||     4
  Eat: Chunk             |     2 |     6 |     7 ||    15
       Bread ration      |       |     1 |       ||     1
       Fruit             |       |       |     4 ||     4
